 Dungeon Crawl Stone Soup version 0.31.0-12-g77e489cdc1 (webtiles) character file.

Game seed: 10805108330397433672

79 Metae the Shield-Bearer (level 4, -2/40 HPs)
             Began as a Minotaur Fighter on Feb 21, 2024.
             Incinerated by a bombardier beetle (5 damage)
             ... with a burning spray
             ... on level 3 of the Dungeon.
             The game lasted 00:02:54 (1214 turns).

Metae the Shield-Bearer (Minotaur Fighter)          Turns: 1214, Time: 00:02:55

Health: -2/40      AC:  9    Str: 22    XL:     4   Next: 16%
Magic:  3/3        EV:  7    Int:  5    God:
Gold:   45         SH:  4    Dex: 10    Spells: 3/3 levels left

rFire   . . .        a - +0 war axe
rCold   . . .        c - +0 buckler
rNeg    . . .        b - +0 scale mail
rPois   .            (helmet restricted)
rElec   .            (no cloak)
rCorr   .            i - +0 pair of gloves
SInv    .            l - +0 pair of boots
Will    .....        (no amulet) Stlth
                     (no ring)
HPRegen 0.26/turn    (no ring)
MPRegen 0.08/turn

%: no passive effects
@: on fire, glowing, constricted
A: horns 2, retaliatory headbutt
a: no special abilities


You were on level 3 of the Dungeon.
You visited 1 branch of the dungeon, and saw 3 of its levels.

You collected 45 gold pieces.

Inventory:

Hand Weapons
 a - a +0 war axe (weapon)
Missiles
 e - 4 poisoned darts (quivered)
Armour
 b - a +0 scale mail (worn)
 c - a +0 buckler (worn)
 i - a +0 pair of gloves (worn)
 l - a +0 pair of boots (worn)
Scrolls
 f - a scroll of enchant armour {unknown}
 g - a scroll of summoning {unknown}
Potions
 d - a potion of might
 h - a potion of cancellation {unknown}
 j - a potion of attraction {unknown}
 k - 2 potions of berserk rage {unknown}
 m - a potion of curing {unknown}
 n - a potion of invisibility {unknown}


   Skills:
 + Level 4.2 Fighting
 + Level 3.2 Axes
 + Level 4.2 Armour
 + Level 1.7 Dodging
 + Level 4.2 Shields


You had 3 spell levels left.
You didn't know any spells.
Your spell library was empty.

Dungeon Overview and Level Annotations

Branches:
Dungeon (3/15)

Altars:


Innate Abilities, Weirdness & Mutations

You have a pair of horns on your head.
You reflexively headbutt those who attack you in melee.


Message History

The ball python bites you but does no damage.
The ball python constricts you.
You hit the ball python but do no damage.
You barely miss the bombardier beetle. The liquid fire burns you!
The ball python bites you but does no damage.
The ball python constricts you.
The bombardier beetle bites you but does no damage.
You closely miss the ball python. Your headbutt misses the ball python.
You barely miss the bombardier beetle. The liquid fire burns you!
The ball python bites you but does no damage.
The ball python constricts you.
The ball python bites you but does no damage.
The ball python constricts you.
The bombardier beetle sprays incendiary fluid at you.
You block the burning spray.
You barely miss the bombardier beetle.
You headbutt the bombardier beetle, but do no damage.
You barely miss the ball python. The liquid fire burns you!
The ball python bites you but does no damage.
The ball python constricts you. You block the ball python's attack.
The ball python constricts you.
The bombardier beetle barely misses you.
You furiously retaliate!
You headbutt the bombardier beetle! You slash the bombardier beetle!
You kill the bombardier beetle!
You closely miss the ball python. The liquid fire burns you!
* * * LOW HITPOINT WARNING * * *
The ball python bites you but does no damage.
The ball python constricts you.
The ball python bites you but does no damage.
The ball python constricts you.
You have reached level 4!
You feel agile.
You closely miss the ball python. Your headbutt misses the ball python.
The liquid fire burns you!
You die...

#.....†)........ ...
#..........##### ....
...........######## ....
........................
...........########.....
...........######.......
........................
##.#..#########..†......
#.... #.@..>.... ...
#.S†...... #.........
.......... ##.........
........[. ..........
...........


You could see a ball python.

Vanquished Creatures
  A bombardier beetle (D:3)
  An adder (D:2)
  3 dart slugs (D:1)
  A ribbon worm (D:2)
  4 endoplasms
  A giant cockroach (D:1)
  A goblin (D:1)
  3 hobgoblins
  4 jackals (D:2)
  A quokka (D:3)
  3 ball pythons
  A bat (D:3)
  3 kobolds
  6 rats
33 creatures vanquished.

Notes
Turn   | Place    | Note
-------+----------+-------------------------------------------
     0 | D:1      | Metae the Minotaur Fighter began the quest for the Orb.
     0 | D:1      | Reached XP level 1. HP: 19/19 MP: 0/0
   180 | D:1      | Reached XP level 2. HP: 27/27 MP: 1/1
   578 | D:2      | Reached skill level 1 in Dodging
   860 | D:2      | Reached XP level 3. HP: 33/33 MP: 2/2
  1214 | D:3      | Reached XP level 4. HP: 3/40 MP: 3/3
  1214 | D:3      | Incinerated by a bombardier beetle

Illustrated notes

Levels and vault maps discovered:
D:1:      dpeg_arrival_court, layout_rooms, serial_forest,
          infiniplex_forest_clump_curved, infiniplex_forest_lined_2,
          infiniplex_forest_corner_1, infiniplex_forest_pool,
          infiniplex_forest_zigzag_1, minmay_3d_cube
D:2:      layout_rooms, serial_curves, eino_curves_02, eino_curves_02
D:3:      layout_rooms, hellmonk_ecumenical_altar_pennies_from_heaven,
          uniq_crazy_yiuf_cottage

Skill      XL: |  1  2  3 |
---------------+----------+-----
Dodging        | 1 |  1.7
Armour         | 4 |  4.2
Shields        | 4 |  4.2
Fighting       | 4 |  4.2
Axes           | 3 |  3.2

Action                     |  1- 3 |  4- 6 || total
---------------------------+-------+-------++-------
  Melee: War axe           |    77 |     1 ||    78
         Headbutt          |     5 |       ||     5
 Armour: Scale mail        |    58 |       ||    58
  Dodge: Dodged            |    33 |       ||    33
  Block: Buckler           |    21 |       ||    21
